 Dungeon Crawl Stone Soup version 0.22-a0-567-gff9aefc (webtiles) character file.

27 Amnesiac the Ducker (level 2, 0/16 HPs)
             Began as a Spriggan Fighter on June 30, 2018.
             Succumbed to an adder's poison
             ... on level 3 of the Dungeon.
             The game lasted 00:00:52 (512 turns).

Amnesiac the Ducker (Spriggan Fighter)               Turns: 512, Time: 00:00:53

Health: 0/16       AC:  2    Str: 12    XL:     2   Next: 93%
Magic:  3/3        EV: 19    Int:  9    God:
Gold:   75         SH:  6    Dex: 15    Spells: 1/1 levels left

rFire    . . .     SeeInvis +   a - +0 rapier
rCold    . . .     Gourm    .   c - +0 buckler
rNeg     . . .     Faith    .   b - +0 robe
rPois    .         Spirit   .   (helmet restricted)
rElec    .         Reflect  .   (no cloak)
rCorr    .         Harm     .   (gloves unavailable)
MR       .....                  (boots unavailable)
Stlth    ++........             (no amulet)
HPRegen  0.05/turn              (no ring)
MPRegen  0.08/turn              (no ring)

@: lethally poisoned (0 -> -14), hasted, very quick
A: very small, unfitting armour, see invisible, herbivore, speed 3, slow
metabolism 2
a: no special abilities


You were on level 3 of the Dungeon.
You were not hungry.

You visited 1 branch of the dungeon, and saw 3 of its levels.

You collected 75 gold pieces.

Inventory:

Hand Weapons
 a - a +0 rapier (weapon)
Armour
 b - a +0 robe (worn)
 c - a +0 buckler (worn)
Potions
 d - a potion of might {!q}
Comestibles
 f - a ration


   Skills:
 - Level 2.4 Fighting
 * Level 2.9 Short Blades
 - Level 4.4 Dodging
 + Level 2.9 Stealth
 + Level 2.3 Shields


You had one spell level left.
You didn't know any spells.
Your spell library was empty.

Dungeon Overview and Level Annotations

Branches:
Dungeon (3/15)

Altars:


Innate Abilities, Weirdness & Mutations

You are very small and have problems with some larger weapons.
You are too small for most types of armour.
You have supernaturally acute eyesight. (SInv)
You are a herbivore.
You cover ground extremely quickly.
You need to consume almost no food.


Message History

You closely miss the adder.
The adder is moderately wounded.
The adder bites you.
You are poisoned.
The adder poisons you!
You hit the adder.
The adder is heavily wounded.
You feel sick. The adder misses you. You block the adder's attack.
You completely miss the adder.
The adder is heavily wounded.
You feel sick. The adder completely misses you.
You hit the adder.
The adder is almost dead.
The adder closely misses you. The adder bites you.
* * * LOW HITPOINT WARNING * * *
You hit the adder.
You kill the adder!
You feel sick.
You start resting.
You feel sick. x5
You are no longer poisoned.
You start resting.
HP restored.
An adder comes into view.
The adder hisses angrily.
An adder is nearby!
There is a stone staircase leading up here.
You swing at nothing.
You hit the adder.
The adder is lightly wounded.
You block the adder's attack.
You closely miss the adder.
The adder is lightly wounded.
The adder bites you. The adder misses you.
You completely miss the adder.
The adder is lightly wounded.
The adder completely misses you.
You hit the adder but do no damage.
The adder is lightly wounded.
The adder barely misses you. The adder bites you.
You barely miss the adder.
The adder is lightly wounded.
The adder bites you.
* * * LOW HITPOINT WARNING * * *
You are lethally poisoned!
The adder poisons you!
* * * LOW HITPOINT WARNING * * *
You feel sick.
There is a stone staircase leading up here.
Really quaff
e - a bubbling silvery potion {!q}?
It was a potion of haste {!q}.
You feel yourself speed up.
* * * LOW HITPOINT WARNING * * *
You feel sick. The adder bites you.
* * * LOW HITPOINT WARNING * * *
You are more poisoned.
The adder poisons you!
You hit the adder.
The adder is moderately wounded.
The adder bites you but does no damage.
You puncture the adder!
You kill the adder!
* * * LOW HITPOINT WARNING * * *
You feel sick.
You die...

... .. ###......
......... ....#....
## ##..#...## # #.
#.........
#.###.####.....####
#..........@.......
.................##
........†<.....###
...###..########
##.# #.# #.# #.#
..#


There were no monsters in sight!

Vanquished Creatures
  2 adders (D:3)
  2 leopard geckos (D:1)
  A goblin (D:1)
  2 hobgoblins
  A rat (D:1)
8 creatures vanquished.

Notes
Turn   | Place    | Note
-------+----------+-------------------------------------------
     0 | D:1      | Amnesiac the Spriggan Fighter began the quest for the Orb.
     0 | D:1      | Reached XP level 1. HP: 11/11 MP: 2/2
    24 | D:1      | Reached skill level 1 in Stealth
   258 | D:2      | Reached XP level 2. HP: 16/16 MP: 3/3
   512 | D:3      | Succumbed to an adder's poison

Vault maps used:
D:1:      minmay_arrival_plants_in_alcoves, fountainhead
D:2:      first_ration, serial_co_window_serial, co_window_corner_a,
          co_window_corner_a, co_window_paths_b, co_window_paths_b,
          co_window_paths_b, co_window_2corner, co_window_broadway_b,
          co_window_of_opportunity_b, co_window_corner_b, co_window_4corner_a
D:3:      kennysheep_big_flooded_room, yredelemnul_forgotten_temple_becter,
          minivault_27

Skill      XL: |  1 |
---------------+----+-----
Stealth        | 2 |  2.9
Fighting       | |  2.4
Short Blades   | |  2.9
Dodging        | |  4.4
Shields        | |  2.3

Action                   || total
-------------------------++-------
Melee: Rapier            ||    34
  Use: Potion            ||     1
 Stab: Sleeping          ||     2
Armor: Robe              ||     2
Dodge: Dodged            ||    17
Block: Buckler           ||     8

Table legend:
 A = Spawn XP
 B = Non-spawn XP
 C = Spawn XP percentage of total XP
 D = Spawn monster count
 E = Non-spawn monster count
 F = Spawn count percentage of total count
 G = Total turns spent on level
                    A         B        C        D         E        F      G
               +---------+---------+-------+---------+---------+-------+---------
         Total |       0 |      39 |   0.0 |       0 |       8 |   0.0 |   512
               +---------+---------+-------+---------+---------+-------+---------
           D:1 |       0 |      11 |   0.0 |       0 |       5 |   0.0 |   254
           D:2 |       0 |       2 |   0.0 |       0 |       1 |   0.0 |    25
           D:3 |       0 |      26 |   0.0 |       0 |       2 |   0.0 |   233
               +---------+---------+-------+---------+---------+-------+---------
